 Dungeon Crawl Stone Soup version 0.30.1-9-gdf580d7c3d (webtiles) character file.

Game seed: 5660810757994131615

14529 MustachioToaster the Grappler (level 11, -13/117 HPs)
             Began as a Troll Berserker on Oct 20, 2023.
             Was an Elder of Trog.
             Mangled by a sphinx (20 damage)
             ... summoned by Kirke
             ... on level 12 of the Dungeon.
             The game lasted 00:19:06 (10330 turns).

MustachioToaster the Grappler (Troll Berserker)    Turns: 10330, Time: 00:19:07

Health: -13/117    AC:  5    Str: 37    XL:     11   Next: 89%
Magic:  10/10      EV: 12    Int:  3    God:    Trog [****..]
Gold:   730        SH:  0    Dex:  9    Spells: 10/10 levels left

rFire   . .          .
                       - Unarmed
rCold   . . .        (no shield)
rNeg    + . .        a - +1 animal skin
rPois   .            (helmet restricted)
rElec   .            (no cloak)
rCorr   .            (gloves unavailable)
SInv    .            (boots unavailable)
Will    .....        F - amulet of the acrobat
Stlth   +            j - ring of positive energy
HPRegen 1.19/turn    A - +6 ring of strength
MPRegen 0.12/turn

%: acrobat
@: confused, on berserk cooldown, slowed, invisible, very slow
A: large, unfitting armour, claws 3, regeneration 1, shaggy fur 1, tough skin 1
a: Renounce Religion, Berserk, Trog's Hand, Brothers in Arms


You were on level 12 of the Dungeon.
You worshipped Trog.
Trog was greatly pleased with you.
You visited 1 branch of the dungeon, and saw 12 of its levels.

You collected 730 gold pieces.

Inventory:

Armour
 a - a +1 animal skin (worn)
Jewellery
 e - a +5 ring of evasion
 g - a ring of magical power
 j - a ring of positive energy (left claw)
 k - an amulet of magic regeneration
 w - a ring of magical power
 y - an amulet of reflection
 A - a +6 ring of strength (right claw)
 C - a ring of ice
 F - an amulet of the acrobat (around neck)
Wands
 m - a wand of acid (9)
 n - a wand of mindburst (2)
 t - a wand of polymorph (8)
 u - a wand of paralysis (12)
 D - a wand of flame (39)
Scrolls
 c - 3 scrolls of fear
 f - 2 scrolls of amnesia
 p - 2 scrolls of teleportation
 r - 4 scrolls of blinking
 z - 2 scrolls of fog
 E - 2 scrolls of enchant armour
 G - a scroll of torment {unknown}
Potions
 b - a potion of degeneration
 d - a potion of mutation
 h - a potion of invisibility
 i - a potion of berserk rage
 l - a potion of magic
 o - 5 potions of brilliance
 q - 4 potions of flight
 s - 3 potions of attraction
 v - a potion of haste {unknown}
 x - a potion of might
 B - a potion of resistance {unknown}


   Skills:
 + Level 9.9 Fighting
 + Level 9.9 Dodging
 + Level 11.7 Unarmed Combat


You had 10 spell levels left.
You didn't know any spells.
Your spell library was empty.

Dungeon Overview and Level Annotations

Branches:
Dungeon (12/15)            Temple (0/1) D:6            Lair (0/5) D:9
    Orc (0/2) D:9

Altars:
Cheibriados
Dithmenos
Elyvilon
Fedhas
Gozag
Kikubaaqudgha
Qazlal
Trog
Yredelemnul
The Shining One

Annotations:
D:5 1 runed translucent door
D:11 3 runed translucent doors, exclusion: obsidian statue, kalagan's ghost, journeyman DECj
D:12 Kirke


Innate Abilities, Weirdness & Mutations

You are too large for most types of armour.
You have claws for hands.
Your natural rate of healing is unusually fast.
You are covered in fur. (AC +1)
You have tough skin. (AC +1)


Message History

Something smites you! Kirke hits you. The sphinx hits you!
* * * LOW HITPOINT WARNING * * *
The sphinx hits you!
* * * LOW HITPOINT WARNING * * *
The sphinx hits you.
* * * LOW HITPOINT WARNING * * *
You can move again.
Kirke gestures wildly while chanting.
Kirke summons a sphinx!
The sphinx hits you!
* * * LOW HITPOINT WARNING * * *
The sphinx hits you.
* * * LOW HITPOINT WARNING * * *
The sphinx closely misses you.
You feel a strong urge to attack something.
You are no longer berserk.
You are exhausted.
You feel yourself slow down. Kirke gestures at you while chanting.
You barely resist.
The sphinx mumbles some strange words.
You are confused.
Okay, then.
The sphinx completely misses you. The sphinx closely misses you.
The sphinx hits you.
* * * LOW HITPOINT WARNING * * *
You scratch the sphinx.
The sphinx is lightly wounded.
The sphinx barely misses you. The sphinx completely misses you.
The sphinx hits you.
* * * LOW HITPOINT WARNING * * *
You fade into invisibility!
The sphinx hits you.
* * * LOW HITPOINT WARNING * * *
The sphinx hits you!
* * * LOW HITPOINT WARNING * * *
The sphinx hits you.
* * * LOW HITPOINT WARNING * * *
The sphinx hits you!!
You die...

#.# #######.#
#...)...####
#..........######
+.>........'....#
#..........####.#
############ #.#
#.# #@# #H# #H#
#######@##.#
......hhh..#
.######h#### #.#
#.# #.#


You could see Kirke, 2 sphinxes and 4 hogs.

Vanquished Creatures
  Frances (D:12)
  2 two-headed ogres
  Urug (D:12)
  3 skeletal warriors (D:12)
  2 cyclopes (D:12)
  An elephant (D:9)
  Joseph (D:7)
  Maggie (D:7)
  2 unseen horrors
  2 trolls (D:10)
  A hornet (D:10)
  Prince Ribbit (D:8)
  Grinder (D:6)
  A shadow (D:12)
  3 wraiths
  3 wyverns
  2 steam dragons
  A basilisk (D:9)
  A hog (D:12)
  4 vampire mosquitoes (D:12)
  A warg (D:9)
  2 acid dragons
  A sky beast (D:7)
  7 orc warriors
  3 black bears
  5 ogres
  4 centaurs
  A kobold brigand (D:11)
  A gnoll sergeant (D:5)
  3 bullfrogs
  4 killer bees (D:10)
  5 howler monkeys
  9 hounds
  8 orc priests
  3 jellies
  3 iguanas
  A sleepcap (D:4)
  Crazy Yiuf (D:3)
  Natasha (thrice) (D:3)
  16 orc wizards
  Ijyb (D:5)
  4 gnolls (D:5)
  7 adders
  A white imp (D:5)
  A worm (D:3)
  4 dart slugs
  57 orcs
  4 endoplasms
  5 giant cockroaches
  10 goblins
  6 hobgoblins
  3 quokkas
  9 ball pythons
  7 bats
  4 frilled lizards
  12 kobolds
  2 rats (D:2)
252 creatures vanquished.

Vanquished Creatures (collateral kills)
  A cyclops (D:12)
  A troll (D:12)
2 creatures vanquished.

Grand Total: 254 creatures vanquished

Notes
Turn   | Place    | Note
-------+----------+-------------------------------------------
     0 | D:1      | MustachioToaster the Troll Berserker began the quest for
                  | the Orb.
     0 | D:1      | Reached XP level 1. HP: 22/22 MP: 0/0
   211 | D:1      | Reached XP level 2. HP: 27/29 MP: 1/1
   956 | D:2      | Reached XP level 3. HP: 36/36 MP: 2/2
  1736 | D:2      | Reached ** piety under Trog
  2184 | D:3      | Reached XP level 4. HP: 45/45 MP: 3/3
  2323 | D:3      | Found a runed translucent door.
  2324 | D:3      | Noticed Crazy Yiuf
  2481 | D:3      | Noticed Natasha
  2492 | D:3      | Killed Natasha
  2493 | D:3      | Reached skill level 4 in Unarmed Combat
  3045 | D:3      | Noticed Natasha
  3053 | D:3      | Killed Natasha
  3054 | D:3      | Reached XP level 5. HP: 50/53 MP: 4/4
  3071 | D:3      | Noticed Natasha
  3074 | D:3      | Killed Natasha
  3094 | D:3      | Killed Crazy Yiuf
  3174 | D:4      | Reached XP level 6. HP: 62/62 MP: 5/5
  3351 | D:4      | Found a white marble altar of Elyvilon.
  3531 | D:4      | Found a shadowy altar of Dithmenos.
  3577 | D:4      | Reached skill level 5 in Unarmed Combat
  3681 | D:5      | Entered Level 5 of the Dungeon
  3745 | D:5      | Reached XP level 7. HP: 70/70 MP: 6/6
  3767 | D:5      | Found a blossoming altar of Fedhas.
  3830 | D:5      | Found an opulent altar of Gozag.
  3846 | D:5      | Reached *** piety under Trog
  4040 | D:5      | Reached skill level 5 in Dodging
  4040 | D:5      | Reached skill level 6 in Unarmed Combat
  4042 | D:5      | Reached skill level 5 in Fighting
  4180 | D:5      | Noticed Ijyb
  4193 | D:5      | Killed Ijyb
  4221 | D:5      | Reached XP level 8. HP: 78/80 MP: 7/7
  4382 | D:5      | Found a runed translucent door.
  4387 | D:5      | Found a basalt altar of Yredelemnul.
  4537 | D:6      | Found a staircase to the Ecumenical Temple.
  4557 | D:6      | Noticed Grinder
  4573 | D:6      | Killed Grinder
  4574 | D:6      | Reached skill level 7 in Unarmed Combat
  4581 | D:6      | Identified the +1 hand axe of Doom {flame, Int+3}
  4619 | D:6      | Found an ancient bone altar of Kikubaaqudgha.
  4913 | D:6      | Found a bloodstained altar of Trog.
  5306 | D:6      | Identified the +2 leather armour of the Falcon {Will+ Str+3
                  | Int+3 Dex+3}
  5382 | D:7      | Noticed Joseph
  5393 | D:7      | Killed Joseph
  5394 | D:7      | Reached XP level 9. HP: 91/91 MP: 8/8
  5742 | D:7      | Noticed Maggie
  5767 | D:7      | Killed Maggie
  5768 | D:7      | Reached skill level 8 in Unarmed Combat
  6005 | D:7      | Found a glowing golden altar of the Shining One.
  6006 | D:7      | Found a stormy altar of Qazlal.
  6448 | D:8      | Identified the +0 robe of Vihiveapn {Harm Will+ Str-2
                  | Int+4}
  6473 | D:8      | Noticed Prince Ribbit
  6502 | D:8      | Killed Prince Ribbit
  6791 | D:9      | Reached **** piety under Trog
  6803 | D:9      | Reached XP level 10. HP: 78/102 MP: 9/9
  6803 | D:9      | Found a staircase to the Orcish Mines.
  6812 | D:9      | Reached skill level 9 in Unarmed Combat
  6894 | D:9      | Noticed an elephant
  6902 | D:9      | Killed an elephant
  6931 | D:9      | Found a staircase to the Lair.
  7281 | D:9      | Found a snail-covered altar of Cheibriados.
  7830 | D:10     | Entered Level 10 of the Dungeon
  7836 | D:10     | Noticed a two-headed ogre
  7842 | D:10     | Killed a two-headed ogre
  7879 | D:10     | Reached skill level 10 in Unarmed Combat
  8682 | D:11     | Noticed a two-headed ogre
  8693 | D:11     | Killed a two-headed ogre
  8694 | D:11     | Reached XP level 11. HP: 29/113 MP: 10/10
  8877 | D:11     | Reached ***** piety under Trog
  9142 | D:11     | Found a runed translucent gate.
  9143 | D:11     | Found a runed translucent gate.
  9144 | D:11     | Found a runed translucent gate.
  9145 | D:11     | Found an opulent altar of Gozag.
  9146 | D:11     | Noticed a death knight
  9146 | D:11     | Noticed an obsidian statue
  9146 | D:11     | Noticed kalagan's ghost (journeyman DECj)
  9147 | D:11     | Noticed an ogre mage
  9640 | D:12     | Noticed Urug
  9650 | D:12     | Killed Urug
  9665 | D:12     | Noticed a skeletal warrior
  9714 | D:12     | Killed a skeletal warrior
  9802 | D:12     | Noticed a skeletal warrior
  9803 | D:12     | Noticed a skeletal warrior
  9879 | D:12     | Killed a skeletal warrior
  9880 | D:12     | Reached skill level 11 in Unarmed Combat
  9884 | D:12     | Killed a skeletal warrior
 10304 | D:12     | Noticed Kirke
 10304 | D:12     | Noticed Frances
 10305 | D:12     | Noticed a soul eater
 10314 | D:12     | Noticed a sphinx
 10318 | D:12     | Noticed a soul eater
 10320 | D:12     | Killed Frances
 10320 | D:12     | Paralysed by a sphinx for 4 turns
 10326 | D:12     | Noticed a sphinx
 10330 | D:12     | Mangled by a sphinx

Illustrated notes

Levels and vault maps discovered:
D:1:      lemuel_arrival_funnel, layout_basic
D:2:      layout_loops_ring, serial_rivers, chequers_serial_rivers_room_a,
          chequers_serial_rivers_room_a, chequers_serial_rivers_micro_e,
          chequers_serial_rivers_micro_d, chequers_serial_rivers_large_b,
          chequers_serial_rivers_micro_c
D:3:      layout_loops_ring, minmay_hedge_maze, serial_park_tiny_1,
          uniq_crazy_yiuf_cottage, uniq_natasha
D:4:      layout_cave_pools, nicolae_dithmenos_through_a_glass_darkly,
          nicolae_elyvilon_peaceful_grove, kennysheep_donut
D:5:      minmay_spotlight, layout_loops_ring,
          mainiacjoe_overflow_small_starburst, nicolae_gozag_seed_capital,
          dk_yredelemnul_ordeal, uniq_ijyb
D:6:      layout_loops_ring, mainiacjoe_overflow_tiny_flanked,
          lemuel_tele_altar, minmay_temple_entry_gardened_gates,
          kennysheep_generic_room_4, uniq_grinder
D:7:      layout_cave_pools, gammafunk_temple_overflow_statue, uniq_maggie,
          uniq_joseph
D:8:      layout_cave_pools, corner_web_ring, uniq_prince_ribbit1
D:9:      layout_basic, chei_slow_surprise, david_lair_generic, erik_orc_3
D:10:     layout_basic
D:11:     layout_basic, ebering_ghost_gozag
D:12:     layout_basic, uniq_frances, uniq_kirke, uniq_urug

Skill      XL: |  1  2  3  4  5  6  7  8  9 10 11 |
---------------+----------------------------------+-----
Fighting       | 3 4 5 6 7 8 9 |  9.9
Dodging        | 3 4 5 6 7 8 9 |  9.9
Unarmed Combat | 4 5 6 7 8 10 11 | 11.7

Action                     |  1- 3 |  4- 6 |  7- 9 | 10-12 || total
---------------------------+-------+-------+-------+-------++-------
  Melee: Unarmed           |    94 |   133 |   250 |   248 ||   725
         Punch             |     1 |     1 |    10 |    18 ||    30
 Invoke: Berserk           |     2 |     3 |     6 |    10 ||    21
         Brothers in Arms  |       |       |       |     1 ||     1
    Use: Scroll            |       |     7 |     9 |     4 ||    20
         Potion            |       |       |       |     4 ||     4
   Stab: Sleeping          |     1 |       |     1 |       ||     2
         Distracted        |       |     1 |       |       ||     1
 Armour: Animal skin       |    39 |    23 |    53 |    61 ||   176
  Dodge: Dodged            |    37 |    56 |   135 |   153 ||   381
  Block: Other             |       |       |    13 |    39 ||    52
